Map: Vaani Research Station (Void)

Players

Musumeci

  • Race: Zerg Zerg
  • League: Diamond
  • Spawn Location: 6:00

Katsu - Winner!

  • Race: Zerg Zerg
  • League: Diamond
  • Spawn Location: 12:00

VOD

Have the link to the VOD?

Description

Time

  • Played on: Dec. 22, 2016, 6:21 a.m.
  • Length: 6:47
Show
View Real Time Build Order
Export as new Build Order

Musumeci Zerg 

Build Orders: Hatch First 

Get SALT Encoding   

  12  0:01  Drone  
  13  0:08  Drone  
  14  0:14  Extractor  
  14  0:16  Drone  
  15  0:42  Hatchery  
  14  0:49  Drone, Extractor  
  15  1:05  Spawning Pool  
  14  1:12  Extractor  
  14  1:13  Drone  
  14  1:15  Drone, Extractor  
  15  1:22  Evolution Chamber  
  14  1:28  Overlord  
  14  1:44  Drone, Extractor  
  14  1:46  Drone x2  
  17  1:55  Queen  
  19  2:07  Drone  
  20  2:13  Metabolic Boost  
  20  2:15  Drone  
  20  2:16  Drone  
  22  2:24  Zergling x4  
  24  2:30  Overlord  
  24  2:43  Evolution Chamber  
  23  2:48  Zergling x6  
  26  2:51  Overlord  
  26  3:13  Zergling x4  
  26  3:14  Zergling x8  
  32  3:21  Zerg Ground Armor Level 1  
  32  3:29  Baneling Nest  
  30  3:48  Zergling x10  
  31  4:02  Zergling x8  
  29  4:11  Zergling x2  
  29  4:12  Zergling x2  
  31  4:17  Baneling x2  
  31  4:20  Queen  
  33  4:25  Drone  
  33  4:27  Drone  
  35  4:43  Baneling x2  
  34  5:04  Queen  
  30  5:13  Zergling x2  
  30  5:14  Zergling x14  
  27  5:25  Drone x3  
  22  5:39  Zergling x2  
  23  5:45  Drone  
  24  6:00  Baneling x5  
  24  6:02  Baneling  
  24  6:05  Drone  
  24  6:11  Drone  
  23  6:26  Zergling x6  
Show
View Real Time Build Order
Export as new Build Order

Katsu Zerg - Winner!

Build Orders: Hatch First 

Get SALT Encoding   

  12  0:03  Drone  
  13  0:14  Overlord  
  13  0:18  Drone  
  14  0:32  Drone  
  14  0:33  Drone  
  16  0:56  Hatchery  
  15  0:57  Drone  
  16  1:13  Spawning Pool  
  16  1:16  Drone  
  16  1:19  Extractor  
  16  1:22  Drone  
  16  1:26  Extractor  
  15  1:39  Drone x2  
  17  1:44  Drone  
  19  1:58  Overlord  
  19  2:00  Queen  
  21  2:04  Drone  
  22  2:10  Queen  
  22  2:15  Drone  
  25  2:18  Drone  
  27  2:22  Drone  
  27  2:25  Drone  
  28  2:30  Drone  
  28  2:35  Metabolic Boost  
  29  2:40  Zergling x2  
  30  2:44  Zergling x2  
  30  2:49  Baneling Nest  
  30  2:55  Queen  
  30  2:57  Drone  
  33  2:59  Drone  
  34  3:05  Spine Crawler  
  33  3:14  Zergling x2  
  33  3:15  Zergling x4  
  33  3:17  Overlord  
  36  3:25  Overlord  
  36  3:27  Overlord  
  36  3:47  Zergling x2  
  35  3:57  Zergling x4  
  35  3:59  Zergling x12  
  41  4:12  Baneling  
  41  4:13  Baneling, Zergling x2  
  41  4:14  Zergling x4  
  44  4:20  Roach Warren  
  44  4:22  Evolution Chamber  
  42  4:26  Baneling  
  42  4:27  Baneling x2  
  42  4:32  Drone  
  42  4:33  Drone x5  
  48  4:44  Drone x2  
  48  5:03  Drone x3  
  41  5:29  Drone  
  41  5:30  Drone x7  
  48  5:36  Roach  
  50  5:42  Overlord  
  50  5:45  Extractor  
  50  5:46  Roach  
  50  5:47  Extractor  
  50  5:57  Drone  
  50  5:58  Drone  
  52  6:14  Drone, Extractor  
  52  6:15  Drone x2, Overlord  
  52  6:16  Overlord  
  52  6:17  Roach x3  
Tags
 
Add a new tag
Caveats
  • Supply blocks, unpowered buildings, or Contaminate may cause inaccurate times.
  • Supply counts are checked every 10 seconds.